 Dungeon Crawl Stone Soup version 0.28.0-47-ge53b351184 (webtiles) character file.

Game seed: 3020745325258429755

359 Exodus22XD the Chopper (level 6, -2/56 HPs)
             Began as a Hill Orc Monk on May 7, 2022.
             Was a Believer of Beogh.
             Slain by a centaur warrior zombie (5 damage)
             ... on level 5 of the Dungeon.
             The game lasted 00:05:00 (5084 turns).

Exodus22XD the Chopper (Hill Orc Monk)              Turns: 5084, Time: 00:05:01

Health: -2/56      AC:  9    Str: 13 (16) XL:     6   Next: 65%
Magic:  6/6        EV:  6    Int:  8 (10) God:    Beogh [**....]
Gold:   250        SH:  0    Dex: 11 (13) Spells: 5/5 levels left

rFire   . . .      SeeInvis .   a - +0 hand axe
rCold   . . .      Faith    .   (no shield)
rNeg    . . .      Spirit   .   u - +0 chain mail
rPois   .          Reflect  .   (no helmet)
rElec   .          Harm     .   (no cloak)
rCorr   .          Rampage  .   (no gloves)
Will    .....                   (no boots)
Stlth   ..........              (no amulet)
HPRegen 0.18/turn               (no ring)
MPRegen 0.10/turn               (no ring)

@: brilliant, attractive, flying
A: no striking features
a: Renounce Religion, Smiting


You were on level 5 of the Dungeon.
You worshipped Beogh.
Beogh was pleased with you.
You visited 1 branch of the dungeon, and saw 5 of its levels.

You collected 250 gold pieces.

Inventory:

Hand Weapons
 a - a +0 hand axe (weapon)
Missiles
 t - 2 throwing nets (quivered)
Armour
 m - a +0 scale mail
 u - a +0 chain mail (worn)
Jewellery
 b - a +6 ring of intelligence
 n - a ring of ice
Wands
 l - a wand of digging (7)
Scrolls
 c - a scroll of amnesia {unknown}
 d - 4 scrolls of identify {unknown}
 g - 3 scrolls of fear {unknown}
 h - 4 scrolls of enchant armour
 i - a scroll of enchant weapon {unknown}
 o - a scroll of vulnerability {unknown}
 p - 3 scrolls of magic mapping {unknown}
 r - a scroll of torment {unknown}
 s - a scroll of blinking {unknown}
Potions
 f - 2 potions of curing
 j - a potion of degeneration
 k - 3 potions of brilliance
 q - a potion of attraction


   Skills:
 + Level 5.0 Fighting
 + Level 6.3 Axes
 * Level 4.8 Armour
 - Level 2.4 Dodging
 - Level 1.5 Stealth


You had 5 spell levels left.
You didn't know any spells.
Your spell library was empty.

Dungeon Overview and Level Annotations

Branches:
Dungeon (5/15)
 Temple: D:4-7

Altars:
Okawaru
Sif Muna
Yredelemnul
Zin

Shops:
D:5 *


Message History

* * * LOW HITPOINT WARNING * * *
The centaur warrior zombie kicks you but does no damage.
It was a potion of curing.
You feel better.
The centaur warrior zombie hits you but does no damage.
The centaur warrior zombie kicks you but does no damage.
The centaur warrior zombie hits you.
* * * LOW HITPOINT WARNING * * *
The centaur warrior zombie kicks you but does no damage.
It was a potion of brilliance.
You feel clever all of a sudden.
The centaur warrior zombie barely misses you.
The centaur warrior zombie kicks you.
* * * LOW HITPOINT WARNING * * *
It was a potion of degeneration.
There was something very wrong with that liquid.
You feel weakened.
You feel dopey.
You feel clumsy. The centaur warrior zombie hits you.
* * * LOW HITPOINT WARNING * * *
The centaur warrior zombie kicks you but does no damage.
It was a potion of attraction.
You feel attractive to monsters. The centaur warrior zombie hits you.
* * * LOW HITPOINT WARNING * * *
The centaur warrior zombie kicks you but does no damage.
The centaur warrior zombie hits you.
* * * LOW HITPOINT WARNING * * *
The centaur warrior zombie kicks you but does no damage.
Okay, then.
It was a potion of flight.
You feel very buoyant.
You fly up into the air.
The centaur warrior zombie hits you but does no damage.
The centaur warrior zombie kicks you.
* * * LOW HITPOINT WARNING * * *
The centaur warrior zombie hits you but does no damage.
The centaur warrior zombie kicks you but does no damage.
The centaur warrior zombie closely misses you.
The centaur warrior zombie kicks you but does no damage.
The centaur warrior zombie hits you.
You die...

#.# ##.....##....####
#.# ###+#.#......).. #.#
# #.....###. #.#
#.#.......# #)#
#......>..# #.#
###.##....# #.#
..<(+....#
#.###############...##.#
...............Z@......#
############.....#######
#..∩..# #.....# ##...##
#####


You could see a centaur warrior zombie.

Vanquished Creatures
  A scorpion (D:4)
  A bullfrog zombie (D:5)
  Jessica (D:3)
  Terence (D:3)
  A hound skeleton (D:5)
  8 gnolls
  4 adders
  A white imp (D:5)
  An ufetubus (D:5)
  2 dart slugs
  4 orcs (D:5)
  4 bats
  2 endoplasms (D:1)
  3 giant cockroaches (D:1)
  9 goblins
  5 hobgoblins
  7 kobolds
  6 quokkas
  4 ball pythons (D:1)
  3 frilled lizards
  3 rats
71 creatures vanquished.

Vanquished Creatures (others)
  A howler monkey (D:4)
  An orc priest (D:4)
  A gnoll (D:4)
  2 orcs (D:4)
  A quokka (D:4)
  A ball python (D:4)
7 creatures vanquished.

Grand Total: 78 creatures vanquished

Notes
Turn   | Place    | Note
-------+----------+-------------------------------------------
     0 | D:1      | Exodus22XD the Hill Orc Monk began the quest for the Orb.
     0 | D:1      | Reached XP level 1. HP: 19/19 MP: 1/1
     2 | D:1      | Noticed an ogre
     2 | D:1      | Noticed a demonspawn
     4 | D:1      | Noticed a tengu
     4 | D:1      | Noticed a felid
     6 | D:1      | Noticed a minotaur
     8 | D:1      | Noticed a spriggan
     8 | D:1      | Noticed a dwarf
    10 | D:1      | Noticed a demigod
    14 | D:1      | Noticed a troll
    14 | D:1      | Noticed a ghoul
    16 | D:1      | Noticed a draconian
    16 | D:1      | Noticed a formicid
    18 | D:1      | Noticed an elf
    20 | D:1      | Noticed a vine stalker
    20 | D:1      | Noticed a human
    22 | D:1      | Noticed a merfolk
    22 | D:1      | Noticed an octopode
    24 | D:1      | Noticed a gargoyle
    24 | D:1      | Noticed a naga
    26 | D:1      | Noticed a vampire
   168 | D:1      | Reached XP level 2. HP: 27/27 MP: 2/2
   405 | D:1      | Reached skill level 1 in Armour
   534 | D:1      | Reached XP level 3. HP: 33/33 MP: 3/3
  1362 | D:2      | Found a faded altar of an unknown god.
  1839 | D:3      | Noticed Jessica
  1848 | D:3      | Killed Jessica
  1849 | D:3      | Reached skill level 5 in Axes
  1849 | D:3      | Reached XP level 4. HP: 35/41 MP: 4/4
  1926 | D:3      | Noticed Terence
  1949 | D:3      | Killed Terence
  2281 | D:3      | Found a basalt altar of Yredelemnul.
  2281 | D:3      | Found a shimmering blue altar of Sif Muna.
  2480 | D:3      | Reached XP level 5. HP: 45/47 MP: 5/5
  2625 | D:3      | Found an iron altar of Okawaru.
  3178 | D:4      | Became a worshipper of Beogh the Brigand
  3178 | D:4      | Reached * piety under Beogh
  3178 | D:4      | Reached ** piety under Beogh
  3382 | D:4      | Found a glowing silver altar of Zin.
  3822 | D:4      | Reached skill level 6 in Axes
  3822 | D:4      | Reached XP level 6. HP: 5/55 MP: 6/6
  4548 | D:5      | Entered Level 5 of the Dungeon
  4817 | D:5      | Reached skill level 5 in Fighting
  4910 | D:5      | Found Nafootra's Needful Niceties.
  5074 | D:5      | HP: 2/56 [centaur warrior zombie (3)]
  5084 | D:5      | Slain by a centaur warrior zombie

Illustrated notes

Levels and vault maps discovered:
D:1:      kb_arrival_jail, layout_loops_ring, item_on_display_a
D:2:      layout_loops_ring, chequers_ecumenical_altar_simple_redux
D:3:      layout_basic, gammafunk_temple_overflow_wave,
          okawaru_altar_gauntlet_db, st_stairs_8, uniq_terence, uniq_jessica
D:4:      layout_basic, mainiacjoe_overflow_boulevard
D:5:      layout_basic, minmay_temple_entry_metal_lava, nicolae_alphabet_shops

Skill      XL: |  1  2  3  4  5  6 |
---------------+-------------------+-----
Fighting       | 4 5 |  5.0
Armour         | 1 2 4 |  4.8
Axes           | 5 6 |  6.3
Dodging        | |  2.4
Stealth        | |  1.5

Action                   |  1- 3 |  4- 6 || total
-------------------------+-------+-------++-------
Melee: Hand axe          |   110 |   218 ||   328
       Punch             |     1 |       ||     1
Invok: Convert to Beogh  |       |     1 ||     1
  Use: Potion            |       |     5 ||     5
       Scroll            |       |     1 ||     1
 Stab: Sleeping          |     3 |       ||     3
Armor: Ring mail         |    41 |     2 ||    43
       Scale mail        |       |    53 ||    53
       Chain mail        |       |    59 ||    59
Dodge: Dodged            |    58 |   100 ||   158
